 Dungeon Crawl Stone Soup version 0.30-a0-46-g5a63ccc183 (webtiles) character file.

Game seed: 16365520523524829089

61 ytrimaz the Trooper (level 3, 0/45 HPs)
             Began as a Demonspawn Berserker on Sept 2, 2022.
             Was a Follower of Trog.
             Killed from afar by an orc wizard (3 damage)
             ... with a magic dart
             ... on level 3 of the Dungeon.
             The game lasted 00:01:55 (2029 turns).

ytrimaz the Trooper (Demonspawn Berserker)          Turns: 2029, Time: 00:01:56

Health: 0/45       AC: 11    Str: 19    XL:     3   Next: 83%
Magic:  12/12      EV:  6    Int:  8    God:    Trog [*.....]
Gold:   113        SH:  0    Dex: 12    Spells: 2/2 levels left

rFire   . . .      SeeInvis .    a - +0 hand axe {axe}
rCold   . . .      Faith    .    (no shield)
rNeg    . . .      Spirit   .    f - +0 plate armour
rPois   .          Reflect  .    (helmet restricted)
rElec   .          Harm     .    (no cloak)
rCorr   .          Rampage  .    (no gloves)
Will    .....                    (no boots)
Stlth   ..........               (no amulet)
HPRegen 0.15/turn                g - ring of magical power
MPRegen 0.26/turn                (no ring)

@: berserking, very quick
A: antennae 1, magic regeneration
a: Renounce Religion, Berserk


You were on level 3 of the Dungeon.
You worshipped Trog.
Trog was aware of your devotion.
You visited 1 branch of the dungeon, and saw 3 of its levels.

You collected 113 gold pieces.


Innate Abilities, Weirdness & Mutations

You have a pair of small antennae on your head.
You regenerate magic rapidly.


   Skills:
 + Level 3.7 Fighting
 + Level 3.3 Axes
 + Level 2.3 Armour
 - Level 1.9 Dodging


You had 2 spell levels left.
You didn't know any spells.
Your spell library contained the following spells:

 Spells                   Type           Power      Damage    Failure   Level
 Sandblast                Erth           0%         2d4       100%        1
 Passwall                 Tmut/Erth      0%         N/A       100%        2
 Stone Arrow              Conj/Erth      0%         3d7       100%        3

Inventory:

Hand Weapons
 a - a +0 hand axe (weapon) {axe}
Missiles
 b - 2 boomerangs {throwing}
 c - 23 stones (quivered) {throwing}
Armour
 f - a +0 plate armour (worn)
   (You found it on level 1 of the Dungeon)
Jewellery
 g - a ring of magical power (left hand)
   (You found it on level 2 of the Dungeon)
 h - a ring of fire
   (You found it on level 2 of the Dungeon)
Potions
 d - a potion of degeneration {unknown}
 e - a potion of ambrosia {unknown}

Dungeon Overview and Level Annotations

Branches:
Dungeon (3/15) Zot: 15956

Altars:

#... # ...# .#
...# . ...# ##
.#...#+
#.###.....###
###............
.......@.⌠.....
#.....ooo......
.)..###.)...###
..###..#...#+ .
#...#...#
#<.##.[.# ####
...# .... .#.##


You could see an orc wizard and 2 orcs.


Message History

Done exploring.
There is a stone staircase leading down here.
You climb downwards.
The orc shouts!
You hear a shout!
There is a stone staircase leading up here.
There are monsters nearby!
Unknown command.
There are monsters nearby!
Unknown command.
An orc wizard comes into view. It is wielding a +0 dagger.
An adder and 2 orcs come into view.
The orc shouts! x2; The orc wizard shouts!
The adder moves out of view.
The adder closely misses you. The adder bites you but does no damage.
The orc wizard casts a spell at you. The magic dart hits you. 😕 HP[-3]
You take 3 damage, and now have 26/29 hp.
You hit the adder. You hit the adder but do no damage. You hit the orc.
The adder bites you but does no damage. x4
You hit the adder. x2; You hit the orc.
You kill the orc!
Trog accepts your kill. The adder bites you but does no damage.
The adder barely misses you.
Unknown command.
You slash the adder!
You kill the adder!
Trog accepts your kill.
You hit the adder. You barely miss the orc.
You hit the orc wizard but do no damage.
The adder bites you but does no damage.
The orc wizard hits you with a +0 dagger.
The orc hits you but does no damage. The adder bites you but does no damage.
You slash the adder!
You kill the adder!
Trog accepts your kill.
You barely miss the orc. You hit the orc wizard. You barely miss the orc.
The orc hits you with a +0 mace.
The orc wizard hits you but does no damage.
The orc hits you but does no damage. 😮 HP[-5]
You now have 30 max hp (+1).
You take 5 damage, and now have 21/30 hp.
The orc barely misses you.
The orc wizard hits you but does no damage.
The orc hits you with a +0 club.
You see here an adder corpse.
You are too injured to fight recklessly!
Unknown command.
The orc wizard attacks as you move away!
The orc wizard hits you but does no damage.
The orc hits you with a +0 mace.
The orc hits you with a +0 club. 😮 HP[-2]
You take 2 damage, and now have 19/30 hp.
You are too injured to fight recklessly!
You are too injured to fight recklessly!
Unknown command.
You are too injured to fight recklessly!
You are too injured to fight recklessly!
Unknown command.
You closely miss the orc wizard. You barely miss the orc. x2
The orc barely misses you.
The orc wizard hits you but does no damage.
The orc hits you but does no damage.
You hit the orc wizard but do no damage.
You hit the orc. x2; The orc hits you with a +0 mace.
* * * LOW HITPOINT WARNING * * *
The orc hits you but does no damage. The orc wizard closely misses you.
You are too injured to fight recklessly! 😨 HP[-6]
You take 6 damage, and now have 13/30 hp.
Unknown command.
You closely miss the orc wizard. You barely miss the orc.
You hit the orc but do no damage. The orc hits you but does no damage.
The orc wizard hits you but does no damage.
The orc hits you but does no damage.
You are too injured to fight recklessly!
You barely miss the orc wizard. You closely miss the orc. x2
The orc hits you with a +0 mace.
* * * LOW HITPOINT WARNING * * *
The orc wizard hits you but does no damage.
The orc hits you with a +0 club.
* * * LOW HITPOINT WARNING * * *
The orc barely misses you. The orc hits you with a +0 club.
* * * LOW HITPOINT WARNING * * *
The orc wizard gestures at you while chanting.
You resist with significant effort.
Unknown command. 😱 HP[-9]
You take 9 damage, and now have 4/30 hp.
MASSIVE DAMAGE!! (PAUSE)
A red film seems to cover your vision as you go berserk!
You feel yourself moving faster!
You feel mighty! The orc hits you with a +0 mace.
* * * LOW HITPOINT WARNING * * *
The orc hits you with a +0 club.
* * * LOW HITPOINT WARNING * * *
The orc wizard points at you and mumbles some strange words.
The magic dart hits you.
You die...

Skill      XL: |  1  2 |
---------------+-------+-----
Axes           | 3 |  3.3
Armour         | 2 |  2.3
Fighting       | |  3.7
Dodging        | |  1.9

Action                   || total
-------------------------++-------
Melee: Hand axe          ||    90
Throw: Stone             ||     1
Invok: Berserk           ||     1
  Use: Scroll            ||     2
Armor: Animal skin       ||     5
       Plate armour      ||    81
Dodge: Dodged            ||    38

Levels and vault maps discovered:
D:1:      erik_arrival_blinker_ship, layout_loops_ring
D:2:      layout_loops_ring, ebering_ecumenical_altar_sacrificial,
          dreamdust_princess_corridor, minmay_indecisive_spiral
D:3:      layout_basic, serial_park_tiny_2, grunt_ministairs_6

Notes
Turn   | Place    | Note
-------+----------+-------------------------------------------
     0 | D:1      | ytrimaz the Demonspawn Berserker began the quest for the
                  | Orb.
     0 | D:1      | Reached XP level 1. HP: 18/18 MP: 1/1
     0 | D:1      | magus.rc [v1.9.6]
   485 | D:1      | Gained mutation: You regenerate magic rapidly. [demonic
                  | ancestry]
   485 | D:1      | Reached XP level 2. HP: 17/24 MP: 2/2
   782 | D:1      | Reached skill level 3 in Axes
  1252 | D:2      | You pick up a book of Geomancy {forbidden} and begin
                  | reading...
  1252 | D:2      | You add the spells Sandblast, Passwall and Stone Arrow to
                  | your library.
  1357 | D:2      | Found a faded altar of an unknown god.
  1459 | D:2      | Reached skill level 2 in Armour
  1460 | D:2      | Gained mutation: You have a pair of small antennae on your
                  | head. [demonic ancestry]
  1460 | D:2      | Reached XP level 3. HP: 23/29 MP: 3/3
  2028 | D:3      | HP: 4/30 [orc/+0 club (4)]
  2029 | D:3      | Killed from afar by an orc wizard

Vanquished Creatures
  3 adders
  A worm (D:2)
  An orc (D:3)
  5 bats
  2 endoplasms (D:2)
  A goblin (D:2)
  3 hobgoblins
  3 quokkas
  3 ball pythons
  A frilled lizard (D:1)
  6 kobolds
  2 rats
31 creatures vanquished.

Table legend:
 A = Non-vault XP
 B = Vault XP
 C = Vault XP percentage of total XP
 D = Non-vault monster count
 E = Vault monster count
 F = Vault count percentage of total count
                 A         B        C        D         E       F
            +---------+---------+-------+---------+---------+-------
      Total |      42 |      46 |  52.3 |      25 |       6 |  19.4
            +---------+---------+-------+---------+---------+-------
        D:1 |      17 |       0 |   0.0 |      12 |       0 |   0.0
        D:2 |      22 |      19 |  46.3 |      12 |       4 |  25.0
        D:3 |       3 |      27 |  90.0 |       1 |       2 |  66.7
            +---------+---------+-------+---------+---------+-------

Illustrated notes

Table legend:
 A = Kills in this place as a percentage of kills in entire the game.
 B = Kills by you in this place as a percentage of kills by you in the entire game.
 C = Kills by friends in this place as a percentage of kills by friends in the entire game.
 D = Other kills in this place as a percentage of other kills in the entire game.
 E = Experience gained in this place as a percentage of experience gained in the entire game.
 F = Experience gained in this place divided by the number of levels of this place that you have seen.
                   A       B       C       D       E      F
               +-------+-------+-------+-------+-------+----------------------
         Total | 100.0 | 100.0 |   N/A |   N/A | 100.0 |  29.3
       Dungeon | 100.0 | 100.0 |   N/A |   N/A | 100.0 |  29.3
               +-------+-------+-------+-------+-------+----------------------

Table legend: (Time is in decaauts)
 A = Elapsed time spent in this place.
 B = Non-inter-level travel time spent in this place.
 C = Inter-level travel time spent in this place.
 D = Time resting spent in this place.
 E = Time spent auto-exploring this place.
 F = Levels seen in this place.
 G = Mean time per level.
                   A        B        C        D        E       F      G
               +--------+--------+--------+--------+--------+-----+--------+
         Total |   2042 |   1990 |     52 |      0 |   1742 |   3 |  680.7 |
       Dungeon |   2042 |   1990 |     52 |      0 |   1742 |   3 |  680.7 |
               +--------+--------+--------+--------+--------+-----+--------+

Top non-repeatable levels by time:
     D:1: 1105 daAuts
     D:2: 922 daAuts
     D:3: 14 daAuts
